 Dungeon Crawl Stone Soup version 0.32-a0-607-g64ea0e4219 (webtiles) character file.

Game seed: 2886977731305966317

20405 ElfOfPi the Cleaver (level 12, -3/78 HPs)
             Began as a Human Wanderer on Dec 31, 2023.
             Was a High Priest of Okawaru.
             Succumbed to Nessos's poison
             ... on level 3 of the Lair of Beasts on Mar 3, 2024.
             The game lasted 02:25:53 (19142 turns).

ElfOfPi the Cleaver (Human Wanderer)               Turns: 19142, Time: 02:25:53

Health: -3/78      AC: 17    Str: 25    XL:     12   Next: 79%
Magic:  12/12      EV:  8    Int: 17    God:    Okawaru [*****.]
Gold:   741        SH: 16    Dex: 16    Spells: 11/11 levels left

rFire   . . .        y - +3 war axe "Hydrabane" {flame, Fly Str+3}
rCold   . . .        V - +0 kite shield
rNeg    . . .        z - +0 plate armour
rPois   .            u - +0 helmet
rElec   .            D - +0 cloak
rCorr   .            (no gloves)
SInv    .            (no boots)
Will    .....        k - amulet of reflection Stlth
                     o - +6 ring of dexterity
HPRegen 0.33/turn    g - +6 ring of intelligence
MPRegen 0.13/turn

%: reflection
@: lethally poisoned (-3 -> -41), flying
A: explore regen
a: Renounce Religion, Heroism, Finesse, Duel


You were on level 3 of the Lair of Beasts.
You worshipped Okawaru.
Okawaru was extremely pleased with you.
You visited 3 branches of the dungeon, and saw 16 of its levels.
You also visited: Sewer.

You collected 741 gold pieces.

Inventory:

Hand Weapons
 a - a +2 falchion
 f - a +2 war axe of electrocution
 j - a +0 quarterstaff
 l - a +2 short sword of freezing
 t - a +1 flail of protection
 y - the +3 war axe "Hydrabane" (weapon) {flame, Fly Str+3}
   (You found it on level 9 of the Dungeon)

   Str+3:     It affects your strength (+3).
   Fly:       It grants you flight.
 H - a +0 hand axe of flaming
 K - a +2 whip of venom
 N - a +1 whip of holy wrath
 P - a +2 trident of venom
 T - a +3 short sword
 X - a +2 halberd of protection
Missiles
 i - 2 atropa-tipped darts
 q - 2 boomerangs
 B - 14 stones
 C - 25 poisoned darts (quivered)
 Z - 3 silver javelins
Armour
 c - a +1 scale mail
 u - a +0 helmet (worn)
 z - a +0 plate armour (worn)
 D - a +0 cloak (worn)
 Q - a +0 chain mail
 V - a +0 kite shield (worn)
Magical Staves
 J - a staff of conjuration
Jewellery
 g - a +6 ring of intelligence (right hand)
 k - an amulet of reflection (around neck)
 o - a +6 ring of dexterity (left hand)
 s - an amulet of guardian spirit
 v - an amulet of reflection
Talismans
 R - a flux talisman
Wands
 I - a wand of polymorph (11)
 U - a wand of roots (2)
 W - a wand of flame (24)
Scrolls
 b - 2 scrolls of fog
 h - a scroll of teleportation
 m - a scroll of torment
 n - a scroll of identify
 p - 3 scrolls of vulnerability
 A - 6 scrolls of noise
 E - 6 scrolls of enchant armour
 M - a scroll of poison
 O - 2 scrolls of enchant weapon
 S - 2 scrolls of amnesia
 Y - a scroll of immolation
Potions
 d - 3 potions of haste
 e - 3 potions of might
 r - a potion of heal wounds
 w - 3 potions of attraction
 x - 6 potions of brilliance
 F - 4 potions of mutation
 G - 2 potions of resistance
 L - 3 potions of invisibility


   Skills:
 - Level 2.0 Fighting
 + Level 3.4 Long Blades
 + Level 10.8(11.6) Axes
 - Level 0.7(6.8) Maces & Flails
 + Level 6.8(9.8) Polearms
 - Level 0.7(4.3) Staves
 + Level 5.7 Ranged Weapons
 - Level 4.0 Throwing
 + Level 10.4 Armour
 + Level 3.0 Dodging
 + Level 2.4 Stealth
 + Level 9.4 Shields
 + Level 4.6 Unarmed Combat
 + Level 0.4 Invocations
 + Level 0.9 Evocations


You had 11 spell levels left.
You didn't know any spells.
Your spell library contained the following spells:

 Spells                   Type           Power      Damage    Failure   Level
 Kiss of Death            Conj/Necr      0%         2d5       99%         1
 Necrotise                Necr           0%         1d4       99%         1
 Confusing Touch          Hex            0%         N/A       100%        3
 Frozen Ramparts          Ice            0%         1d1       100%        3
 Fugue of the Fallen      Necr           0%         N/A       100%        3
 Gell's Gravitas          Tloc           0%         N/A       100%        3
 Hailstorm                Conj/Ice       0%         3d5       100%        3
 Ozocubu's Armour         Ice            0%         N/A       100%        3
 Sigil of Binding         Hex            0%         N/A       100%        3
 Teleport Other           Tloc           0%         N/A       100%        3
 Vampiric Draining        Necr           0%         2d6       100%        3
 Dimensional Bullseye     Hex/Tloc       0%         N/A       100%        4
 Dispel Undead            Necr           0%         3d6       100%        4
 Leda's Liquefaction      Alch/Erth      0%         N/A       100%        4
 Manifold Assault         Tloc           0%         N/A       100%        4
 Petrify                  Alch/Erth      0%         N/A       100%        4
 Curse of Agony           Necr           0%         N/A       100%        5
 Metabolic Englaciation   Hex/Ice        0%         N/A       100%        5
 Dispersal                Tloc           0%         N/A       100%        6
 Call Canine Familiar     Summ           Unusable   N/A       N/A         3
 Summon Ice Beast         Ice/Summ       Unusable   N/A       N/A         3
 Martyr's Knell           Necr/Summ      Unusable   N/A       N/A         4
 Sculpt Simulacrum        Ice/Alch       Unusable   N/A       N/A         6

Dungeon Overview and Level Annotations

Branches:
Dungeon (10/15)            Temple (1/1) D:6            Lair (5/5) D:10
  Slime (0/5) Lair:4        Sewer (visited)
  Swamp: Lair:2-3    Shoals: Lair:2-3     Snake: Lair:2-3    Spider: Lair:2-3
    Orc: D:9-12

Altars:
Ashenzari
Cheibriados
Dithmenos
Elyvilon
Fedhas
Gozag
Hepliaklqana
Kikubaaqudgha
Makhleb
Nemelex Xobeh
Okawaru
Qazlal
Ru
Sif Muna
Trog
Uskayaw
Vehumet
Wu Jian
Xom
Yredelemnul
Zin
The Shining One
Jiyva

Shops:
D:6 (   D:7 ?   D:8 :!

Annotations:
D:4 Grinder
D:6 1 exclusion
D:9 Erolcha
Lair:1 Nergalle
Lair:3 Nessos


Innate Abilities, Weirdness & Mutations

You regain HP and MP as you explore.


Message History

The arrow hits Nessos!
The arrow burns Nessos!
Nessos looks as sick as possible!
You see here a poisoned dart.
You feel very sick.
Nessos stands on their hind legs for a moment.
Nessos zaps a wand.
The roots erupt in riotous growth!
The grasping roots grab you! The grasping roots constrict you.
Unknown command.
The roots' grasp on you weakens, but your attempt to escape fails.
You feel very sick.
Nessos shoots an arrow.
The arrow hits you. The arrow burns you.
You are more poisoned.
The grasping roots constrict you.
Nessos shoots an arrow.
The arrow hits you! The arrow burns you. The grasping roots constrict you.
Unknown command.
Okay, then.
You feel much better.
You feel very sick.
Nessos shoots an arrow.
The arrow hits you! The arrow burns you.
You are more poisoned.
The grasping roots constrict you.
Nessos shoots an arrow.
You block the arrow with an invisible shield... and reflect it back!
The arrow hits Nessos!!
The arrow burns Nessos.
Nessos looks as sick as possible!
The grasping roots constrict you.
Nessos shoots an arrow.
The arrow hits you! The arrow burns you.
You are more poisoned.
The grasping roots constrict you.
You escape the roots' grasp.
* * * LOW HITPOINT WARNING * * *
You feel extremely sick.
Nessos shoots an arrow.
The arrow hits you!
* * * LOW HITPOINT WARNING * * *
The arrow burns you.
* * * LOW HITPOINT WARNING * * *
Nessos shoots an arrow.
You block the arrow with an invisible shield... and reflect it back!
The arrow barely misses Nessos.
There is a stone staircase leading down here.
You die...

#..........##
#......
#...#c...#.#
###...?
#........###
#...#.
#P..#..(###
#..!#. ###
##.(..#
.....##
#.(.## .....
#.(.### ...##
#.....# ...
#.@.### #..##
#÷.÷## #..÷.#
#..†## #####


You could see Nessos (fast, extremely poisoned).

Vanquished Creatures
  A hydra (Lair:2)
  12 elephants
  Joseph (D:10)
  A torpor snail (Lair:3)
  A cane toad (Lair:5)
  A rime drake (Lair:3)
  7 komodo dragons
  A troll (D:10)
  8 blink frogs
  Sigmund (D:4)
  A shadow (D:10)
  4 wyverns
  2 wraiths (D:10)
  25 yaks
  2 basilisks
  2 steam dragons
  Grum (D:10)
  A warg (Lair:5)
  An acid dragon (D:10)
  11 water moccasins
  An ice beast (D:6)
  An orc warrior (D:9)
  3 ogres
  2 black bears (D:7)
  4 wolves
  2 centaurs
  4 kobold brigands
  7 bullfrogs
  4 scorpions
  3 gnoll sergeants
  6 wights
  4 killer bees
  3 howler monkeys
  4 electric eels (D:10)
  4 hounds (D:6)
  2 bombardier beetles
  A gnoll bouda (D:4)
  11 orc priests
  A jelly (D:5)
  8 orc wizards
  3 sleepcaps
  An iguana (D:7)
  3 hell rats (D:10)
  12 gnolls
  11 adders
  5 river rats (Sewer)
  A shadow imp (D:6)
  7 white imps
  6 ufetubi
  5 dart slugs
  3 ribbon worms
  30 orcs
  10 ball pythons
  3 endoplasms
  6 giant cockroaches
  4 hobgoblins
  6 jackals (D:4)
  6 quokkas
  7 bats
  3 frilled lizards
  5 goblins
  25 kobolds
  27 rats
348 creatures vanquished.

Vanquished Creatures (others)
  A kobold (Sewer)
1 creature vanquished.

Grand Total: 349 creatures vanquished

Notes
Turn   | Place    | Note
-------+----------+-------------------------------------------
     0 | D:1      | ElfOfPi the Human Wanderer began the quest for the Orb.
     0 | D:1      | ElfOfPi set off with the following items: a +2 falchion, a
                  | scroll of fog, a +0 scale mail, a potion of haste.
     0 | D:1      | Reached XP level 1. HP: 15/15 MP: 1/1
   121 | D:1      | Reached XP level 2. HP: 21/21 MP: 2/2
   824 | D:2      | Reached XP level 3. HP: 26/26 MP: 3/3
  1203 | D:2      | You fall into a shaft and drop 2 floors!
  1505 | D:2      | Found a faded altar of an unknown god.
  1680 | D:3      | Reached XP level 4. HP: 32/32 MP: 4/4
  1809 | D:3      | Found an opulent altar of Gozag.
  1809 | D:3      | Found an opulent altar of Gozag.
  1829 | D:3      | Found an opulent altar of Gozag.
  1841 | D:3      | Found an opulent altar of Gozag.
  2459 | D:4      | Noticed Sigmund
  2556 | D:3      | Reached skill level 1 in Ranged Weapons
  2556 | D:3      | Reached skill level 1 in Dodging
  2679 | D:4      | Reached XP level 5. HP: 37/37 MP: 5/5
  2714 | D:4      | Found a blossoming altar of Fedhas.
  2835 | D:4      | Noticed Grinder
  3274 | D:5      | Entered Level 5 of the Dungeon
  3317 | D:5      | Noticed an ogre
  3372 | D:4      | Reached skill level 1 in Shields
  3375 | D:4      | Reached XP level 6. HP: 23/44 MP: 6/6
  3440 | D:5      | Reached skill level 1 in Throwing
  3473 | D:5      | Found a glowing drain.
  3536 | Sewer    | Entered a sewer
  3940 | Sewer    | Reached XP level 7. HP: 45/50 MP: 7/7
  4437 | D:5      | Found an iron altar of Okawaru.
  4448 | D:5      | Became a worshipper of Warmaster Okawaru
  5788 | D:5      | Reached skill level 5 in Armour
  5788 | D:5      | Reached XP level 8. HP: 56/56 MP: 8/8
  5906 | D:6      | Reached skill level 1 in Polearms
  6013 | D:6      | Reached * piety under Okawaru
  6671 | D:6      | Found a staircase to the Ecumenical Temple.
  6787 | Temple   | Entered the Ecumenical Temple
  6931 | D:6      | Found a sparkling altar of Nemelex Xobeh.
  7272 | D:6      | Found Losoirod's Antique Weapon Shoppe.
  7400 | D:6      | Reached XP level 9. HP: 57/61 MP: 9/9
  7498 | D:6      | Reached skill level 5 in Polearms
  7879 | D:7      | Reached ** piety under Okawaru
  7943 | D:7      | Reached skill level 5 in Ranged Weapons
  8088 | D:7      | Found Cyecsul's Magic Scroll Shop.
  9131 | D:4      | Killed Sigmund
  9131 | D:4      | Reached *** piety under Okawaru
 10835 | D:8      | Found Ceguog's Book Shoppe.
 11145 | D:8      | Found Jips's Distillery.
 11314 | D:8      | Reached XP level 10. HP: 52/67 MP: 10/10
 11573 | D:8      | Reached skill level 1 in Stealth
 11898 | D:9      | Identified the +3 war axe "Hydrabane" {flame, Fly Str+3}
 11942 | D:9      | Noticed Erolcha
 12024 | D:10     | Entered Level 10 of the Dungeon
 12024 | D:10     | Noticed a death yak
 12256 | D:10     | Reached skill level 1 in Axes
 12314 | D:10     | Reached **** piety under Okawaru
 12812 | D:10     | Noticed Joseph
 12823 | D:10     | Killed Joseph
 12825 | D:10     | Reached skill level 5 in Shields
 12955 | D:10     | Found a hazy altar of Hepliaklqana.
 13029 | D:10     | Found a staircase to the Lair.
 13035 | D:10     | Noticed a death yak
 13910 | D:9      | Reached skill level 5 in Axes
 14155 | D:10     | Noticed a death yak
 14320 | D:10     | Reached XP level 11. HP: 61/72 MP: 11/11
 14443 | D:9      | Upgraded the game from 0.31-a0-1522-g43313d8a59 to
                  | 0.32-a0-607-g64ea0e4219
 14538 | D:10     | Noticed Grum
 14596 | D:10     | Killed Grum
 14596 | D:10     | Reached ***** piety under Okawaru
 14685 | D:10     | Found a glowing silver altar of Zin.
 14685 | D:10     | Noticed an angel
 15138 | Lair:1   | Entered Level 1 of the Lair of Beasts
 15681 | Lair:1   | Noticed Nergalle
 16206 | Lair:2   | Noticed an eight-headed hydra
 16218 | Lair:2   | Killed a three-headed hydra
 16359 | Lair:2   | HP: 3/72 [black mamba (11)]
 16428 | Lair:3   | Noticed Nessos
 16448 | Lair:4   | Received a gift from Okawaru
 16734 | Lair:4   | Found a viscous altar of Jiyva.
 16734 | Lair:4   | Found a staircase to the Slime Pits.
 16940 | Lair:4   | Reached XP level 12. HP: 77/78 MP: 12/12
 17402 | Lair:5   | Entered Level 5 of the Lair of Beasts
 17881 | Lair:5   | HP: 3/78 [warg (13)]
 17881 | Lair:5   | HP: 1/78 [blink frog (2)]
 17889 | Lair:5   | Received a gift from Okawaru
 18187 | Lair:5   | Reached skill level 10 in Axes
 18513 | Lair:5   | Noticed a catoblepas
 18679 | Lair:3   | Reached skill level 10 in Armour
 18696 | Lair:3   | Received a gift from Okawaru
 18803 | Lair:3   | Found an iron altar of Okawaru.
 19142 | Lair:3   | Succumbed to Nessos's poison

Illustrated notes

Levels and vault maps discovered:
D:1:      minmay_arrival_up_and_down, layout_loops_ring,
          chequers_serial_rivers_micro_a
D:2:      layout_rooms, shapermc_ecumenical_altar_hornbeckon
D:3:      layout_basic, nicolae_gozag_conspicuous_consumption
D:4:      layout_gridville, fedhas_altar_fruit_tree, uniq_grinder, uniq_sigmund
D:5:      layout_rooms, mainiacjoe_overflow_paths, serial_demonic,
          serial_demonic_a, serial_demonic_f, serial_demonic_f,
          serial_demonic_b, gup_sewer_entry_glass
D:6:      layout_loops_ring, nemelex_xobeh_ov_fountains_minmay,
          minmay_temple_entry_hall, serial_shops, shop, grunt_ministairs_9,
          hangedman_decor_peaks_small
D:7:      layout_basic, serial_shops, shop_statue
D:8:      layout_cave_pods, serial_shops, shop, kennysheep_mini
D:9:      layout_cave_pods, chequers_serial_rivers_small_b, uniq_erolcha
D:10:     nicolae_moon_pools, layout_loops_ring, zin_angel,
          nicolae_hepliaklqana_hippocampus, dpeg_lair_monsters,
          trove_entry_hex_spiral, uniq_grum, uniq_joseph
Temple:   nicolae_temple_superstar
Lair:1:   layout_big_grid, st_stairs_12, uniq_nergalle
Lair:2:   layout_chaotic_city, mainiacjoe_swamp_entry_lozenge_pond,
          nicolae_snake_entry_warm_welcome
Lair:3:   layout_concentric_octagons, basic_altar, uniq_nessos
Lair:4:   layout_cave_shapes, slime_entry_1, infiniplex_staircase_pool
Lair:5:   hangedman_lair_in_review, layout_regular_city,
          hangedman_lair_caniforms_friends, serial_rivers,
          chequers_serial_rivers_large_a, chequers_serial_rivers_small_a,
          chequers_serial_rivers_small_a, chequers_serial_rivers_micro_d

Skill      XL: |  1  2  3  4  5  6  7  8  9 10 11 12 |
---------------+-------------------------------------+-----
Ranged Weapons | 1 2 3 4 5 |  5.7
Dodging        | 1 2 3 |  3.0
Shields        | 1 2 3 5 7 9 |  9.4
Armour         | 3 5 6 7 8 9 10 | 10.4
Fighting       | 2 |  2.0
Throwing       | 1 3 4 |  4.0
Polearms       | 4 6 |  6.8
Stealth        | 2 |  2.4
Axes           | 5 9 10 | 10.8
Long Blades    | |  3.4
Maces & Flails | |  0.7
Staves         | |  0.7
Unarmed Combat | |  4.6
Invocations    | |  0.4
Evocations     | |  0.9

Action                     |  1- 3 |  4- 6 |  7- 9 | 10-12 || total
---------------------------+-------+-------+-------+-------++-------
  Melee: Falchion          |    34 |       |       |       ||    34
         Mace              |    44 |       |       |       ||    44
         Punch             |     4 |       |     9 |       ||    13
         Quarterstaff      |    14 |   197 |    80 |       ||   291
         Trident           |       |       |   205 |    22 ||   227
         Spear             |       |       |     4 |       ||     4
         Hand axe          |       |       |    21 |       ||    21
         Whip              |       |       |    59 |    15 ||    74
         Unarmed           |       |       |     5 |       ||     5
         War axe           |       |       |       |   477 ||   477
   Fire: Sling             |    32 |    56 |    59 |       ||   147
         Shortbow          |       |       |    26 |       ||    26
  Throw: Stone             |    10 |     8 |    31 |    56 ||   105
         Dart              |     6 |     5 |    37 |   100 ||   148
         Boomerang         |     3 |     8 |    32 |   100 ||   143
         Throwing net      |       |       |     2 |     1 ||     3
 Invoke: Heroism           |       |       |     1 |     3 ||     4
  Evoke: Wand              |       |     1 |     5 |     9 ||    15
    Use: Scroll            |     7 |     4 |    14 |    12 ||    37
         Potion            |       |       |       |     8 ||     8
   Stab: Held in net/web   |       |       |     1 |       ||     1
 Armour: Scale mail        |    59 |     4 |       |       ||    63
         Plate armour      |       |   255 |    86 |   297 ||   638
         Chain mail        |       |       |   229 |   108 ||   337
         Skin              |       |       |     1 |       ||     1
  Dodge: Dodged            |    47 |    76 |   134 |   124 ||   381
  Block: Other             |    24 |    63 |    62 |       ||   149
         Reflection        |     2 |     1 |    10 |    11 ||    24
         Kite shield       |       |       |    31 |   493 ||   524

Table legend: (Time is in decaauts)
 A = Elapsed time spent in this place.
 B = Non-inter-level travel time spent in this place.
 C = Inter-level travel time spent in this place.
 D = Time resting spent in this place.
 E = Time spent auto-exploring this place.
 F = Levels seen in this place.
 G = Mean time per level.
                   A        B        C        D        E       F      G
               +--------+--------+--------+--------+--------+-----+--------+
         Total |  19459 |  18786 |    673 |   5442 |   6414 |  17 | 1144.6 |
       Dungeon |  14474 |  13898 |    576 |   3793 |   4690 |  10 | 1447.4 |
        Temple |      1 |      1 |      0 |      0 |      0 |   1 |    1.0 |
          Lair |   4038 |   3941 |     97 |   1499 |   1282 |   5 |  807.6 |
         Sewer |    944 |    944 |      0 |    150 |    442 |   1 |  944.0 |
               +--------+--------+--------+--------+--------+-----+--------+

Top non-repeatable levels by time:
     D:4: 2038 daAuts
     D:7: 2001 daAuts
    D:10: 1907 daAuts
     D:6: 1819 daAuts
     D:9: 1462 daAuts
     D:5: 1454 daAuts
  Lair:5: 1206 daAuts
     D:8: 1200 daAuts
     D:3: 1141 daAuts
  Lair:1: 1050 daAuts
  Lair:4: 1037 daAuts
   Sewer: 944 daAuts
     D:1: 774 daAuts
     D:2: 673 daAuts
  Lair:3: 543 daAuts
